 Dungeon Crawl Stone Soup version 0.30.0-29-ga12c61a403 (webtiles) character file.

Game seed: 8504741072916576722

4586 safid the Frost Mage (level 10, -3/74 (83) HPs)
             Began as a Merfolk Ice Elementalist on June 23, 2023.
             Was a Believer of Vehumet.
             Slain by Joseph
             ... wielding a +0 quarterstaff
              (6 damage)
             ... on level 10 of the Dungeon.
             The game lasted 00:25:30 (11675 turns).

safid the Frost Mage (Merfolk Ice Elementalist)    Turns: 11675, Time: 00:25:30

HP:   -3/74 (83)    AC: 15    Str:  8 (9)  XL:     10   Next: 41%
MP:   11/22         EV: 13    Int: 16 (19) God:    Vehumet [**....]
Gold: 457           SH:  0    Dex: 13 (14) Spells: 6/25 levels left

rFire   + . .        E - +4 spear (freeze)
rCold   + . .        (no shield)
rNeg    . . .        a - +0 robe
rPois   .            n - +0 helmet
rElec   .            B - +0 cloak
rCorr   .            (no gloves)
SInv    .            D - +0 pair of boots
Will    .....        (no amulet)
Stlth   ++           t - ring of protection from cold
HPRegen 0.32/turn    y - ring of protection from fire
MPRegen 0.18/turn

%: clarity
@: ice-armoured, freezing walls, heavily drained
A: (nimble swimmer 2), mertail, iridescent scales 1, clarity
a: Renounce Religion


You were on level 10 of the Dungeon.
You worshipped Vehumet.
Vehumet was pleased with you.
You visited 2 branches of the dungeon, and saw 11 of its levels.

You collected 457 gold pieces.

Inventory:

Hand Weapons
 u - a +1 spear of flaming
 v - a +1 dagger of venom
 E - a +4 spear of freezing (weapon)
Missiles
 k - 4 throwing nets
 H - a curare-tipped dart
Armour
 a - a +0 robe (worn)
 n - a +0 helmet (worn)
 B - a +0 cloak (worn)
 D - a +0 pair of boots (worn)
Jewellery
 t - a ring of protection from cold (left hand)
 y - a ring of protection from fire (right hand)
 C - a ring of magical power
 J - a ring of wizardry
Wands
 z - a wand of paralysis (9)
 F - a wand of quicksilver (9)
Scrolls
 c - 4 scrolls of identify
 e - 3 scrolls of fog
 h - 2 scrolls of vulnerability {unknown}
 j - 3 scrolls of enchant weapon {unknown}
 l - 2 scrolls of fear
 m - 2 scrolls of blinking {unknown}
 o - 3 scrolls of enchant armour
 p - 2 scrolls of poison {unknown}
 r - 4 scrolls of teleportation
Potions
 b - a potion of magic
 d - a potion of resistance
 f - 2 potions of lignification {unknown}
 g - 2 potions of mutation
 i - 2 potions of cancellation
 q - a potion of berserk rage {unknown}
 s - 2 potions of flight
 w - 3 potions of degeneration
 x - a potion of ambrosia {unknown}
 A - 2 potions of brilliance
 G - a potion of curing
 I - 2 potions of might {unknown}


   Skills:
 + Level 9.1 Fighting
 + Level 3.8 Dodging
 - Level 2.1 Stealth
 + Level 8.0 Spellcasting
 + Level 1.3 Conjurations
 + Level 2.3 Transmutations
 + Level 10.2 Ice Magic


You had 6 spell levels left.
You knew the following spells:

 Your Spells              Type           Power      Damage    Failure   Level
a - Freeze                Ice            100%       1d10      1%          1
b - Frozen Ramparts       Ice            78%        1d12      1%          3
c - Ozocubu's Armour      Ice            39%        N/A       1%          3
d - Irradiate             Conj/Tmut      6%         3d13      82%         5
e - Dragon Form           Tmut           7%         N/A       100%        7

Your spell library contained the following spells:

 Spells                   Type           Power      Damage    Failure   Level
 Sandblast                Erth           12%        2d6       11%         1
 Sting                    Tmut/Pois      40%        1d5       7%          1
 Foxfire                  Conj/Fire      32%        2x1d5     9%          1
 Shock                    Conj/Air       32%        1d5       9%          1
 Summon Ice Beast         Ice/Summ       22%        N/A       14%         4
 Swiftness                Air            6%         N/A       32%         3
 Airstrike                Air            3%         2d(1-17)  73%         4
 Passage of Golubria      Tloc           6%         N/A       73%         4
 Blade Hands              Tmut           7%         N/A       75%         5
 Fireball                 Conj/Fire      4%         3d4       94%         5
 Silence                  Hex/Air        3%         N/A       97%         5
 Plasma Beam              Fire/Air       3%         2x1d14    100%        6
 Starburst                Conj/Fire      4%         6d3       100%        6
 Lehudib's Crystal Spear  Conj/Erth      4%         10d3      100%        8


Dungeon Overview and Level Annotations

Branches:
Dungeon (10/15)            Temple (1/1) D:5
   Lair: D:8-11         Orc: D:9-12

Altars:
Ashenzari
Cheibriados
Dithmenos
Elyvilon
Fedhas
Gozag
Hepliaklqana
Kikubaaqudgha
Makhleb
Nemelex Xobeh
Okawaru
Qazlal
Ru
Sif Muna
Uskayaw
Vehumet
Wu Jian
Xom
Yredelemnul
Zin
The Shining One

Portals:
Abyss: D:4

Annotations:
D:4 2 transporters, bronco's ghost, amateur TrAr
D:8 2 transporters, FallenXxXSky's ghost, novice HOMo
D:9 Amaemon; Erolcha
D:10 Joseph


Innate Abilities, Weirdness & Mutations

((You are very nimble when in or above water. (Stealth+, EV+, Speed+++)))
Your lower body shifts to a powerful aquatic tail in water.
You are partially covered in iridescent scales. (AC +2)
You possess an exceptional clarity of mind.


Message History

Confirm with . or Enter, or press ? or * to list all spells.
Casting: Frozen Ramparts (safe; 1% risk of failure)
Press: ? - help, Dir - look around, f - activate The walls around you are covered in ice.
The wall freezes Joseph.
Joseph closely misses you.
Unknown command.
Casting: Frozen Ramparts (safe; 1% risk of failure)
Confirm with . or Enter, or press ? or * to list all spells.
A film of ice covers your body!
The wall freezes Joseph!
Joseph hits you with a +0 quarterstaff!
* * * LOW HITPOINT WARNING * * *
The wall freezes Joseph.
Joseph hits you with a +0 quarterstaff.
* * * LOW HITPOINT WARNING * * *
Unknown command.
It was a potion of mutation.
You feel extremely strange.
Iridescent scales grow over part of your body.
Your thoughts seem clearer.
The wall freezes Joseph!
Joseph hits you with a +0 quarterstaff.
* * * LOW HITPOINT WARNING * * *
It was a potion of degeneration.
There was something very wrong with that liquid.
You feel weakened.
You feel dopey.
You feel clumsy.
The wall freezes Joseph!
Joseph hits you with a +0 quarterstaff!
* * * LOW HITPOINT WARNING * * *
It was a potion of cancellation.
Your magical effects are unravelling.
You feel magically purged.
Your icy armour evaporates.
The frozen ramparts melt away.
Joseph barely misses you.
Casting: Ozocubu's Armour (safe; 1% risk of failure)
Confirm with . or Enter, or press ? or * to list all spells.
A film of ice covers your body! Joseph hits you but does no damage.
Joseph barely misses you.
Casting: Ozocubu's Armour (safe; 1% risk of failure)
Confirm with . or Enter, or press ? or * to list all spells.
Casting: Frozen Ramparts (safe; 1% risk of failure)
Press: ? - help, Dir - look around, f - activate The walls around you are covered in ice.
The wall freezes Joseph.
Joseph hits you with a +0 quarterstaff.
You die...

.$. ... # #.###
.. #.... ..
#..##
#.##..)###
#.....$..#
#.##..>#<####
#@@......#
........##.####
######.......
....##.###
##.......
#..###.# #..
#.# ... .#


You could see Joseph.

Vanquished Creatures
  A wyvern (D:9)
  3 steam dragons
  2 water moccasins (D:6)
  3 sky beasts
  2 ice beasts (D:6)
  2 orc warriors
  3 black bears
  An ogre (D:5)
  4 centaurs
  2 phantoms (D:5)
  2 kobold brigands
  3 scorpions
  12 wights
  4 killer bees (D:9)
  3 howler monkeys (D:7)
  A jelly (D:6)
  7 orc priests
  A sleepcap (D:5)
  7 iguanas
  Natasha (twice) (D:3)
  10 orc wizards
  Robin (D:3)
  An adder (D:4)
  19 gnolls
  2 white imps (D:7)
  A worm (D:5)
  2 dart slugs (D:2)
  41 orcs
  6 ball pythons
  7 endoplasms
  10 giant cockroaches
  17 hobgoblins
  3 jackals (D:1)
  11 kobolds
  A quokka (D:2)
  16 bats
  10 frilled lizards
  17 goblins
  9 rats
249 creatures vanquished.

Vanquished Creatures (others)
  A shadow (D:10)
1 creature vanquished.

Grand Total: 250 creatures vanquished

Notes
Turn   | Place    | Note
-------+----------+-------------------------------------------
     0 | D:1      | safid the Merfolk Ice Elementalist began the quest for the
                  | Orb.
     0 | D:1      | Reached XP level 1. HP: 13/13 MP: 3/3
   134 | D:1      | Reached XP level 2. HP: 20/20 MP: 5/5
   234 | D:1      | Reached skill level 1 in Fighting
   298 | D:1      | Found a faded altar of an unknown god.
   385 | D:1      | Got Plato's Treatise on Intoxication
   523 | D:1      | Reached XP level 3. HP: 22/26 MP: 4/6
   931 | D:2      | Learned a level 3 spell: Frozen Ramparts
  1063 | D:2      | Reached skill level 5 in Ice Magic
  1063 | D:2      | Reached XP level 4. HP: 33/33 MP: 5/8
  1099 | D:2      | Found a blossoming altar of Fedhas.
  1460 | D:2      | Reached XP level 5. HP: 29/39 MP: 2/9
  1638 | D:2      | Learned a level 3 spell: Ozocubu's Armour
  2370 | D:3      | Noticed Robin
  2383 | D:3      | Killed Robin
  2550 | D:3      | Reached XP level 6. HP: 47/47 MP: 11/11
  2573 | D:3      | Noticed Natasha
  2581 | D:3      | Killed Natasha
  2628 | D:3      | Noticed Natasha
  2636 | D:3      | Killed Natasha
  2641 | D:3      | Reached skill level 6 in Ice Magic
  2947 | D:3      | You fall into a shaft and drop 1 floor!
  2954 | D:4      | Found a transporter.
  3151 | D:4      | Reached XP level 7. HP: 52/54 MP: 6/13
  3592 | D:4      | Found a one-way gate to the infinite horrors of the Abyss.
  3592 | D:4      | Noticed bronco's ghost (amateur TrAr)
  3900 | D:4      | Found a transporter.
  3917 | D:5      | Entered Level 5 of the Dungeon
  3969 | D:5      | Found a sacrificial altar of Ru.
  4236 | D:5      | Found an iron altar of Okawaru.
  4254 | D:5      | Reached skill level 5 in Fighting
  4460 | D:5      | Reached skill level 5 in Spellcasting
  4460 | D:5      | Reached skill level 7 in Ice Magic
  4460 | D:5      | Reached XP level 8. HP: 45/62 MP: 15/15
  4855 | D:5      | Found a staircase to the Ecumenical Temple.
  4861 | Temple   | Entered the Ecumenical Temple
  5308 | D:5      | Found a snail-covered altar of Cheibriados.
  5491 | D:6      | Reached skill level 8 in Ice Magic
  5863 | D:6      | Found a glowing silver altar of Zin.
  5864 | D:6      | Found a hide-covered altar of Uskayaw.
  5870 | D:6      | Found a hazy altar of Hepliaklqana.
  5871 | D:6      | Found an ancient bone altar of Kikubaaqudgha.
  5911 | D:6      | Found a glowing golden altar of the Shining One.
  5912 | D:6      | Found a burning altar of Makhleb.
  5918 | D:6      | Found a radiant altar of Vehumet.
  5919 | D:6      | Found a basalt altar of Yredelemnul.
  5922 | D:6      | Became a worshipper of Vehumet
  5987 | D:6      | Reached XP level 9. HP: 64/66 MP: 18/18
  6807 | D:6      | Reached skill level 9 in Ice Magic
  6810 | D:6      | HP: 2/56 [wight/+0 hand axe (2)]
  6816 | D:6      | HP: 1/55 [wight/+0 hand axe (2)]
  8000 | D:7      | Reached * piety under Vehumet
  8000 | D:7      | Offered knowledge of Foxfire by Vehumet.
  8320 | D:7      | Reached XP level 10. HP: 82/82 MP: 21/21
  9104 | D:8      | Learned a level 5 spell: Irradiate
  9112 | D:8      | Learned a level 7 spell: Dragon Form
  9151 | D:8      | Reached skill level 10 in Ice Magic
  9230 | D:8      | Found a transporter.
  9245 | D:8      | Noticed FallenXxXSky's ghost (novice HOMo)
  9283 | D:8      | Found a transporter.
  9633 | D:8      | Reached skill level 1 in Transmutations
  9844 | D:8      | HP: 3/65 [wight/+4 spear of freezing (3)]
 10822 | D:9      | Reached skill level 1 in Conjurations
 10962 | D:9      | Reached ** piety under Vehumet
 10971 | D:9      | Noticed Erolcha
 11011 | D:9      | Noticed Amaemon
 11034 | D:9      | Identified the +1 spear "Vietron" {venom, rC+}
 11335 | D:9      | Offered knowledge of Sandblast by Vehumet.
 11518 | D:10     | Entered Level 10 of the Dungeon
 11521 | D:10     | Noticed Joseph
 11670 | D:10     | Gained mutation: You are partially covered in iridescent
                  | scales. (AC +2) [potion of mutation]
 11670 | D:10     | Gained mutation: You possess an exceptional clarity of
                  | mind. [potion of mutation]
 11671 | D:10     | HP: 2/74 [Joseph/+0 quarterstaff (8)]
 11675 | D:10     | Slain by Joseph

Illustrated notes

Levels and vault maps discovered:
D:1:      minmay_arrival_wavy_path, layout_basic,
          shapermc_ecumenical_altar_rom_forum, minivault_4, minmay_tetromino_s2
D:2:      layout_rooms, basic_altar, minmay_lizard_king
D:3:      layout_loops_cross, minmay_starry_boxes, uniq_natasha, uniq_robin
D:4:      layout_rooms, gammafunk_ghost_abyssal_escape
D:5:      layout_loops_ring, nicolae_overflow_hidden_temple, okawaru_gym_becter,
          nicolae_ru_sacrificial_ziggurat, minmay_temple_entry_fiery,
          skrybe_limestone_x
D:6:      layout_layer_cave, nicolae_overflow_hallway_of_the_gods
D:7:      layout_loops_ring, columned_hall_lemuel
D:8:      layout_loops_corners, gammafunk_ghost_stat_death
D:9:      layout_rooms, uniq_amaemon, uniq_erolcha
D:10:     layout_loops_ring, lemuel_coloured_pillars_altar, erik_orc_3,
          enter_bailey_2, uniq_harold, uniq_maggie, uniq_joseph
Temple:   nicolae_temple_two_arcs

Skill      XL: |  1  2  3  4  5  6  7  8  9 10 |
---------------+-------------------------------+-----
Fighting       | 1 2 3 4 5 6 8 9 |  9.1
Ice Magic      | 5 6 7 8 9 10 | 10.2
Spellcasting   | 3 4 5 6 7 8 |  8.0
Dodging        | 3 |  3.8
Transmutations | 2 |  2.3
Conjurations   | 1 |  1.3
Stealth        | |  2.1

Action                     |  1- 3 |  4- 6 |  7- 9 | 10-12 || total
---------------------------+-------+-------+-------+-------++-------
  Melee: Unarmed           |    20 |       |       |       ||    20
         Dagger            |    56 |    45 |   172 |       ||   273
         Punch             |     1 |     1 |     8 |     3 ||    13
         Spear             |       |    91 |   124 |   110 ||   325
   Cast: Freeze            |    35 |    29 |    11 |       ||    75
         Frozen Ramparts   |     1 |    15 |    40 |    26 ||    82
         Ozocubu's Armour  |       |     2 |    27 |    22 ||    51
    Use: Scroll            |       |       |     7 |       ||     7
         Potion            |       |       |     5 |     4 ||     9
   Stab: Sleeping          |       |     6 |       |     1 ||     7
         Distracted        |       |     1 |       |       ||     1
 Armour: Robe              |    39 |    21 |   125 |    60 ||   245
  Dodge: Dodged            |    88 |    87 |   178 |    88 ||   441
